 Dungeon Crawl Stone Soup version 0.24-a0-246-gb963c9a (webtiles) character file.

Game seed: 11798593380605169728

932 stupendous the Shield-Bearer (level 8, -9/60 HPs)
             Began as a Formicid Fighter on Apr 13, 2019.
             Was a Follower of Okawaru.
             Mangled by Pikel
             ... wielding a +1 whip of electrocution
              (20 damage)
             ... on level 4 of the Dungeon.
             The game lasted 00:06:51 (4179 turns).

stupendous the Shield-Bearer (Formicid Fighter)     Turns: 4179, Time: 00:06:52

Health: -9/60      AC:  7    Str: 21    XL:     8   Next: 33%
Magic:  8/8        EV:  9    Int: 11    God:    Okawaru [*.....]
Gold:   169        SH: 12    Dex: 12    Spells: 7/7 levels left

rFire    . . .     SeeInvis +   a - +1 long sword
rCold    . . .     Gourm    .   c - +1 shield
rNeg     . . .     Faith    .   b - +0 scale mail
rPois    .         Spirit   .   (helmet unavailable)
rElec    .         Reflect  .   (no cloak)
rCorr    .         Harm     .   (no gloves)
MR       .....                  (no boots)
Stlth    ..........             (no amulet)
HPRegen  0.20/turn              s - +3 ring of intelligence
MPRegen  0.11/turn              (no ring)

@: no status effects
A: permanent stasis, dig shafts and tunnels, four strong arms, antennae 3
a: Dig, Shaft Self, Heroism, Renounce Religion


You were on level 4 of the Dungeon.
You worshipped Okawaru.
Okawaru was aware of your devotion.
You were hungry.

You visited 2 branches of the dungeon, and saw 5 of its levels.

You collected 169 gold pieces.

Inventory:

Hand Weapons
 a - a +1 long sword (weapon)
Armour
 b - a +0 scale mail (worn)
 c - a +1 shield (worn)
Jewellery
 s - a +3 ring of intelligence (left hand)
Wands
 i - a wand of acid (10)
 k - a wand of iceblast (1)
Scrolls
 e - a scroll of remove curse
 j - 4 scrolls of identify
 n - a scroll of enchant armour
 p - 2 scrolls of amnesia
Potions
 d - 2 potions of might
 g - a potion of brilliance {unknown}
 h - a potion of degeneration {unknown}
 l - 2 potions of cancellation {unknown}
 m - a potion of agility {unknown}
 r - 2 potions of mutation {unknown}
Comestibles
 f - 12 rations
 o - 3 chunks of flesh


   Skills:
 - Level 4.0 Fighting
 * Level 6.8 Long Blades
 - Level 4.0 Armour
 + Level 7.4 Shields


You had 7 spell levels left.
You didn't know any spells.
Your spell library was empty.

Dungeon Overview and Level Annotations

Branches:
Dungeon (4/15)             Temple (1/1) D:4

Altars:
Ashenzari
Cheibriados
Dithmenos
Elyvilon
Hepliaklqana
Kikubaaqudgha
Makhleb
Nemelex Xobeh
Okawaru
Qazlal
Ru
Trog
Uskayaw
Vehumet
Wu Jian
Xom
Yredelemnul
Zin

Annotations:
D:4 Pikel


Innate Abilities, Weirdness & Mutations

You cannot be hasted, slowed, berserked, paralysed or teleported.
You can dig through walls and to a lower floor.
Your four strong arms can wield two-handed weapons with a shield.
You have a pair of large antennae on your head. (SInv)


Message History

You block Pikel's attack.
You barely miss Pikel.
Pikel is heavily wounded.
You block Pikel's attack.
You hit Pikel.
Pikel is severely wounded.
Pikel hits you but does no damage.
You hit Pikel but do no damage.
Pikel is severely wounded.
You block Pikel's attack.
You hit Pikel.
Pikel is severely wounded.
Pikel hits you with a +1 whip of electrocution.
* * * LOW HITPOINT WARNING * * *
You slash Pikel!
Pikel is almost dead.
Pikel hits you with a +1 whip of electrocution.
* * * LOW HITPOINT WARNING * * *
You are electrocuted!!
You die...

# # # # # ### # ##.#####
### #####......#####..
##@##........##.#..
#K####......)##.#.. #
##p{..###.......... ###.
#.{.{.#..........##
.......#..#............#
.....####.##.###.......#
#.....##..#...###........
#......#{................
#. #...{p..##..........#


You could see Pikel.

Vanquished Creatures
  Sigmund (D:4)
  A phantom (D:4)
  The ghost of RaspberryAmber the Skirmisher, an amateur DsFi (D:3)
  Blork the orc (D:4)
  A crimson imp (D:3)
  2 hounds (D:4)
  A centaur skeleton (D:4)
  A bullfrog skeleton (D:4)
  Terence (D:3)
  2 worker ants (D:4)
  Natasha (thrice) (D:2)
  An orc wizard (D:4)
  2 hound skeletons (D:4)
  3 gnolls (D:2)
  4 adders
  5 dart slugs
  3 worms
  6 leopard geckos
  4 orcs (D:3)
  11 bats
  7 giant cockroaches
  9 goblins
  8 hobgoblins
  6 jackals
  6 kobolds
  A quokka (D:3)
  3 ball pythons
  A frilled lizard (D:4)
  A leopard gecko skeleton (D:4)
  6 rats
102 creatures vanquished.

Notes
Turn   | Place    | Note
-------+----------+-------------------------------------------
     0 | D:1      | stupendous the Formicid Fighter began the quest for the
                  | Orb.
     0 | D:1      | Reached XP level 1. HP: 18/18 MP: 1/1
   120 | D:1      | Reached XP level 2. HP: 6/24 MP: 2/2
   486 | D:1      | Reached XP level 3. HP: 29/29 MP: 3/3
   490 | D:1      | Reached skill level 4 in Shields
  1039 | D:2      | Noticed Natasha
  1048 | D:2      | Killed Natasha
  1048 | D:2      | Reached XP level 4. HP: 12/37 MP: 4/4
  1072 | D:2      | Noticed Natasha
  1087 | D:2      | Killed Natasha
  1351 | D:2      | Reached XP level 5. HP: 42/42 MP: 5/5
  1587 | D:2      | Noticed Natasha
  1596 | D:2      | Killed Natasha
  1596 | D:2      | Reached skill level 5 in Shields
  1984 | D:3      | Reached XP level 6. HP: 48/48 MP: 6/6
  2079 | D:3      | Noticed Terence
  2083 | D:3      | Killed Terence
  2566 | D:3      | Found a runed translucent door.
  2571 | D:3      | Noticed RaspberryAmber's ghost (amateur DsFi)
  2712 | D:3      | Killed RaspberryAmber's ghost
  2712 | D:3      | Reached skill level 6 in Shields
  2712 | D:3      | Reached XP level 7. HP: 37/54 MP: 7/7
  3011 | D:4      | Reached skill level 5 in Long Blades
  3277 | D:4      | Found a staircase to the Ecumenical Temple.
  3296 | Temple   | Entered the Ecumenical Temple
  3460 | Temple   | Became a worshipper of Warmaster Okawaru
  3777 | D:4      | Noticed Blork the orc
  3788 | D:4      | Killed Blork the orc
  3788 | D:4      | Reached XP level 8. HP: 50/60 MP: 8/8
  3858 | D:4      | Reached skill level 7 in Shields
  3943 | D:4      | Noticed Sigmund
  3953 | D:4      | Killed Sigmund
  3953 | D:4      | Reached * piety under Okawaru
  4142 | D:4      | Noticed Pikel
  4179 | D:4      | Mangled by Pikel

Levels and vault maps discovered:
D:1:      lemuel_arrival_river_ford, layout_loops_cross
D:2:      layout_loops_corners, first_ration, uniq_natasha
D:3:      layout_loops_ring, ebering_ghost_reflecting_pool, uniq_terence
D:4:      layout_cave_pools, minmay_temple_entry_arrows,
          minmay_misc_feat_columns, minmay_diced_spiral, uniq_pikel,
          uniq_blork_the_orc, uniq_sigmund
Temple:   dpeg_five_rooms_temple

Skill      XL: |  1  2  3  4  5  6  7  8 |
---------------+-------------------------+-----
Shields        | 4 5 6 7 |  7.4
Fighting       | 4 |  4.0
Armour         | 4 |  4.0
Long Blades    | 3 4 6 |  6.8

Action                   |  1- 3 |  4- 6 |  7- 9 || total
-------------------------+-------+-------+-------++-------
Melee: Long sword        |   103 |   216 |   139 ||   458
 Abil: Dig               |       |     2 |     1 ||     3
  Use: Scroll            |       |       |    11 ||    11
  Eat: Chunk             |       |     6 |     5 ||    11
Armor: Scale mail        |    36 |    72 |    37 ||   145
Dodge: Dodged            |    37 |    60 |    30 ||   127
Block: Shield            |    56 |   135 |    75 ||   266
       Rpst.: Long sword |    11 |    16 |     9 ||    36

Table legend:
 A = Non-vault XP
 B = Vault XP
 C = Vault XP percentage of total XP
 D = Non-vault monster count
 E = Vault monster count
 F = Vault count percentage of total count
                 A         B        C        D         E       F
            +---------+---------+-------+---------+---------+-------
      Total |     704 |     628 |  47.1 |      94 |       8 |   7.8
            +---------+---------+-------+---------+---------+-------
        D:1 |      46 |       0 |   0.0 |      24 |       0 |   0.0
        D:2 |     165 |      35 |  17.5 |      25 |       1 |   3.8
        D:3 |     136 |     157 |  53.6 |      31 |       2 |   6.1
        D:4 |     357 |     436 |  55.0 |      14 |       5 |  26.3
            +---------+---------+-------+---------+---------+-------
